Cogmind - Beta 13 @@@ ROGUE MODE // 2024.06.25 @ 23:36:37 Player: Wabbajack Result: Destroyed by G-47 Trooper with Particle Gun Performance ------------- Evolutions (2) 1000 Regions Visited (3) 600 Robots Destroyed (40) 200 Value Destroyed (1083) 1083 Prototype IDs (3) 60 Alien Tech Used (0) 0 Bonus (77) 77 TOTAL SCORE: 3020 Bonus ------- High Alert Combat Kills 77 Cogmind --------- Core Integrity 0/550 Matter 253/300 Energy 30/100 System Corruption 0% Temperature Cool (65) Movement Core (250) Ox4 Location -8/Materials Parts ------- > --- POWER (1) -------- (None) > --- PROPULSION (3) --- Improved Airjet > --- UTILITY (4) ------ Heat Sink Weight Redist. System Improved Weapon Shielding > --- WEAPON (3) ------- Beam Rifle Heavy Particle Gun Ion Cannon > --- INVENTORY (5) ---- (None) Peak State ------------ > --- POWER ------------ Ion Engine > --- PROPULSION ------- Improved Airjet Improved Airjet Improved Airjet > --- UTILITY ---------- Large Storage Unit Sensor Array Signal Interpreter Seismic Detector > --- WEAPON ----------- Precision Shock Rifle Light EM Pulse Cannon Advanced Assault Cannon > --- INVENTORY -------- Compact Wheel Heat Sink Small Storage Unit Medium Storage Unit Heavy Armor Plating EM Shotgun Beam Rifle Advanced Assault Cannon Grenade Launcher Mini Grenade Launcher [Rating: 33] Favorites ----------- Power Ion Engine Engine Ion Engine Propulsion Compact Wheel Wheel Compact Wheel Hover Unit Improved Airjet Utility Seismic Detector Device Seismic Detector Storage Large Storage Unit Processor Signal Interpreter Protection Improved Weapon Shielding Weapon Medium Laser Energy Gun Medium Laser Energy Cannon Light EM Pulse Cannon Ballistic Gun Assault Rifle Ballistic Cannon Advanced Assault Cannon Launcher Mini Grenade Launcher Build | -11 -10 -9 -8 ------- Run | Yrd Mat Mat Mat Slots Evolved 4 | . . 2 2 Power . | . . . . Propulsion 1 | . . . 1 Utility 2 | . . 2 . Weapon 1 | . . . 1 Parts Attached 50 | 7 5 11 27 Power 4 | 1 . 2 1 Engine 4 | 1 . 2 1 Core . | . . . . Reactor . | . . . . Propulsion 9 | 2 . 1 6 Treads . | . . . . Leg . | . . . . Wheel 4 | 2 . 1 1 Hover 5 | . . . 5 Flight . | . . . . Utility 11 | 2 1 3 5 Device 5 | 1 . 1 3 Storage 3 | 1 1 1 . Processor 1 | . . 1 . Hackware . | . . . . Protection 2 | . . . 2 Artifact . | . . . . Weapon 26 | 2 4 5 15 Energy Gun 12 | 2 1 4 5 Energy Cannon 3 | . . . 3 Ballistic Gun 4 | . 2 . 2 Ballistic Cannon 2 | . . . 2 Launcher 5 | . 1 1 3 Special Weapon . | . . . . Impact Weapon . | . . . . Slashing Weapon . | . . . . Piercing Weapon . | . . . . Special Melee Weapon . | . . . . Unidentified Prototypes 3 | . . . 3 Parts Lost 22 | . . 3 19 Power 3 | . . 1 2 Propulsion 5 | . . 1 4 Utility 6 | . . . 6 Weapon 8 | . . 1 7 Highest Loss Streak 10 | . . 2 10 To Critical Strikes . | . . . . Average Slot Usage (%) 84 | . 100 92 75 Engine 9 | . 14 10 7 Wheel 12 | . 28 21 4 Hover 5 | . . . 9 Device 15 | . 14 18 14 Storage 9 | . 14 11 7 Processor 6 | . . 7 7 Protection 1 | . . . 2 Energy Gun 12 | . 21 13 9 Energy Cannon 2 | . . . 3 Ballistic Gun 4 | . 5 7 2 Ballistic Cannon 2 | . . . 4 Launcher 1 | . . . 1 Naked Turns . | . . . . Heaviest Build 41 | 15 20 33 41 Greatest Support 32 | 26 26 32 32 Greatest Overweight (x) 9 | 2 . 1 9 Average Overweight (x) . | . . . 1 Largest Inventory Capacity 15 | 8 10 15 15 Average Capacity 11 | 7 9 10 13 Most Carried 13 | 2 6 9 13 Average Carried 6 | 1 3 6 7 Final Capacity 15 | 8 10 15 5 Final Carried 8 | 2 6 8 . Class Distribution -------------------- 43% | Mutant 16% | Scavenger-Mutant 11% | Scavenger-Skirmisher 11% | Skirmisher 11% | Scavenger-Gunner 4% | Tank Dominant Class ---------------- Mutant | -10/Materials Scavenger-Mutant | -9/Materials Mutant | -8/Materials Resources | -11 -10 -9 -8 ----------- Run | Yrd Mat Mat Mat Matter Collected 1014 | 270 50 211 483 Remotely . | . . . . Salvage Created 1301 | 111 92 402 696 Parts 73 | 8 15 22 28 Haulers Intercepted . | . . . . Recyclers Shooed 1 | . . 1 . Parts Field Recycled . | . . . . Retrieved Matter . | . . . . Parts Self-Destructed . | . . . . Prevented . | . . . . Kills | -11 -10 -9 -8 ------- Run | Yrd Mat Mat Mat Combat Hostiles Destroyed 31 | . 6 6 19 Guns 11 | . 4 4 3 Cannons 8 | . . . 8 AOE 11 | . 2 2 7 Classes Destroyed 8 | 2 2 3 1 Tunneler 2 | 2 . . . Recycler 3 | 1 . 1 1 Operator 2 | . . 1 1 Watcher 2 | . 1 1 . Swarmer 13 | . 6 . 7 Grunt 9 | . . 2 7 Duelist 1 | . . . 1 Sentry 8 | . . 4 4 Best Kill Streak 5 | 3 4 3 5 Combat Bots Only 4 | . 3 3 4 Max Kills in Single Turn 4 | 1 4 1 2 Gunslinging . | . . . . Exploded 2 | . 2 1 1 Melee . | . . . . Uniques/NPCs Destroyed . | . . . . Combat | -11 -10 -9 -8 -------- Run | Yrd Mat Mat Mat Hostile Shots Fired 197 | . 30 43 124 Missed 50 | . 9 15 26 Damage Taken 2912 | . 170 418 2324 Core 692 | . 24 103 565 Absorbed by Shields . | . . . . Redirected to Shielding 40 | . . . 40 Regen/Repaired (Parts) 42 | . . 42 . Core Remaining (%) 88 | 100 90 74 . Volleys Fired 95 | 3 13 30 49 Largest 3 | 2 2 2 3 Hottest 171 | 90 90 106 171 Shots Fired 197 | 6 24 60 107 Gun 139 | 6 22 56 55 Cannon 43 | . . . 43 Launcher 15 | . 2 4 9 Special . | . . . . Kinetic 62 | . 4 18 40 Thermal 67 | 3 9 31 24 Explosive 15 | . 2 4 9 Electromagnetic 53 | 3 9 7 34 Robot Hit Streak 13 | 3 4 11 13 Robot Miss Streak 5 | 1 5 2 2 Penetration Max . | . . . . Secondary Targets . | . . . . Shots Hit Robots 137 | 4 8 48 77 Core Hits 62 | 3 7 18 34 Critical Kills . | . . . . Critical Parts Destroyed . | . . . . Critical Strikes 6 | . 1 4 1 Burn 4 | . . 4 . Blast 1 | . . . 1 Corrupt 1 | . 1 . . Melee Attacks . | . . . . Impact . | . . . . Slashing . | . . . . Piercing . | . . . . Sneak Attacks . | . . . . Combat Hostiles . | . . . . Follow-up Attacks . | . . . . Damage Inflicted 2860 | 56 209 753 1842 Guns 1461 | 56 102 599 704 Cannons 636 | . . . 636 Explosions 761 | . 107 154 500 Melee . | . . . . Ramming 2 | . . . 2 Kinetic 692 | . 10 178 504 Thermal 714 | 26 36 321 331 Explosive 761 | . 107 154 500 Electromagnetic 691 | 30 56 100 505 Impact . | . . . . Slashing . | . . . . Piercing . | . . . . Highest Corruption 1 | . 1 1 . Average Corruption 1 | . 1 1 . Corruption Purged . | . . . . Corruption Blocked . | . . . . Effects 3 | . . 3 . Message Errors 1 | . . 1 . Matter Fused 2 | . . 2 . Overload Shots . | . . . . Overflow Damage 10 | . . . 10 Projectiles . | . . . . Explosions 10 | . . . 10 Melee . | . . . . Knockbacks 1 | . . . 1 Impact . | . . . . Kinetic 1 | . . . 1 Secondary . | . . . . Self-Inflicted Damage 118 | . . . 118 Shots 2 | . . . 2 Rammed 1 | . . . 1 Targets Rammed 1 | . . . 1 Kicked . | . . . . Crushed . | . . . . Highest Temperature 357 | 30 240 220 357 Average Temperature 98 | 17 101 75 114 Received Heat Transfer 585 | . . 153 432 Effects 4 | . . . 4 Shutdowns 1 | . . . 1 Interference 2 | . . . 2 Matter Decay 1 | . . . 1 Siege Activations . | . . . . Robots Corrupted 1 | . . . 1 Combat Hostiles 1 | . . . 1 Parts Fried 5 | . . 1 4 Impact Corruptions . | . . . . Robots Melted . | . . . . Combat Hostiles . | . . . . Parts Melted 8 | . . 6 2 Heat Transferred 2072 | 74 111 1147 740 Parts Sabotaged . | . . . . Parts Stolen . | . . . . Parts Stripped . | . . . . Power Chain Reactions . | . . . . Alert | -11 -10 -9 -8 ------- Run | Yrd Mat Mat Mat Peak Influence 477 | 15 163 317 477 Initial 133 | . 9 68 133 Average 217 | 5 62 181 297 Maximum Alert Level 2 | . . 1 2 Low Security (%) 49 | 100 100 50 30 Level 1 39 | . . 49 48 Level 2 11 | . . . 21 Level 3 . | . . . . Level 4 . | . . . . Level 5 . | . . . . High Security . | . . . . Max Security . | . . . . Squads Dispatched 3 | . . 1 2 Investigation 1 | . . . 1 Extermination . | . . . . Reinforcement 2 | . . 1 1 Assault . | . . . . Garrison . | . . . . Intercept . | . . . . Searches Triggered . | . . . . Construction Impeded . | . . . . Haulers Reinforced . | . . . . Active Scanning Responses . | . . . . Cargo Convoy Interrupts . | . . . . Stealth | -11 -10 -9 -8 --------- Run | Yrd Mat Mat Mat Distress Signals 3 | . . 1 2 Communications Jammed . | . . . . Distress Signals . | . . . . Times Spotted 39 | . 6 9 24 Peak Tracking Total 5 | . 3 3 5 Tactical Retreats 3 | . . . 3 Traps | -11 -10 -9 -8 ------- Run | Yrd Mat Mat Mat Traps Triggered 2 | . . 1 1 Indirectly . | . . . . Trap Hack Attempts . | . . . . Triggered . | . . . . Disarmed . | . . . . Reprogrammed . | . . . . Reused . | . . . . Traps Extracted . | . . . . Installed . | . . . . Triggered . | . . . . Machines | -11 -10 -9 -8 ---------- Run | Yrd Mat Mat Mat Machines Disabled 4 | . . . 4 Max in Single Turn 2 | . . . 2 Machines Repaired . | . . . . Machines Dismantled . | . . . . Machines Sabotaged . | . . . . Overloaded Fab Kills . | . . . . Hacking | -11 -10 -9 -8 --------- Run | Yrd Mat Mat Mat Machines Accessed 7 | . 3 2 2 Terminals 3 | . 2 . 1 Fabricators . | . . . . Repair Stations 2 | . . 1 1 Recycling Units 2 | . 1 1 . Scanalyzers . | . . . . Garrison Access . | . . . . Total Hacks 20 | . 12 3 5 Successful 11 | . 5 3 3 Failed 9 | . 7 . 2 Catastrophic 3 | . 2 . 1 Database Lockouts . | . . . . Manual 4 | . 2 . 2 Terminals 12 | . 9 . 3 Fabricators . | . . . . Repair Stations 4 | . . 2 2 Recycling Units 4 | . 3 1 . Scanalyzers . | . . . . Garrison Access . | . . . . Terminal Hacks 5 | . 4 . 1 Record 1 | . . . 1 Level Access Points 1 | . 1 . . Terminal Index 1 | . 1 . . Alert Level 1 | . 1 . . Unreport Threat 1 | . 1 . . Fabricator Hacks . | . . . . Repair Station Hacks 4 | . . 2 2 Scan Component 2 | . . 1 1 Repair 2 | . . 1 1 Recycling Unit Hacks 2 | . 1 1 . Report Inventory 2 | . 1 1 . Scanalyzer . | . . . . Garrison Access Hacks . | . . . . Unauthorized Hacks . | . . . . Terminals . | . . . . Fabricators . | . . . . Repair Stations . | . . . . Recycling Units . | . . . . Scanalyzers . | . . . . Garrison Access . | . . . . Data Cores Recovered 2 | . . 1 1 Used 1 | . . . 1 Hacking Detections 6 | . 3 1 2 Full Trace Events 3 | . 2 . 1 Feedback Events 1 | . 1 . . Corruption 1 | . 1 . . Feedback Blocked . | . . . . Robot Schematics Acquired . | . . . . Robots Built . | . . . . Authchips . | . . . . Time . | . . . . Total Robot Build Rating . | . . . . Part Schematics Acquired . | . . . . Parts Built . | . . . . Authchips . | . . . . Time . | . . . . Total Part Build Rating . | . . . . Parts Repaired 1 | . . 1 . Time 52 | . . 26 26 Parts Recycled . | . . . . Recycled Matter . | . . . . Retrieved Matter . | . . . . Retrieved Components . | . . . . Parts Scanalyzed . | . . . . Part Schematics Acquired . | . . . . Parts Damaged . | . . . . Bothacking | -11 -10 -9 -8 ------------ Run | Yrd Mat Mat Mat Used RIF Installer . | . . . . Robots Hacked . | . . . . Non-combat . | . . . . Combat . | . . . . Robot Hacks Applied . | . . . . Relay Couplers Released . | . . . . Fabnet Peak Effective % . | . . . . Robots Rewired . | . . . . Allies Hacked . | . . . . Hacks Repelled . | . . . . Allies | -11 -10 -9 -8 -------- Run | Yrd Mat Mat Mat Total Allies . | . . . . Largest Group . | . . . . Highest-Rated Group . | . . . . Highest-Rated Ally . | . . . . Total Orders . | . . . . Ally Attacks . | . . . . Total Damage . | . . . . Kills . | . . . . Allies Corrupted . | . . . . Allies Melted . | . . . . Intel | -11 -10 -9 -8 ------- Run | Yrd Mat Mat Mat Robot Analysis Total . | . . . . Derelict Logs Recovered . | . . . . Drone Launches . | . . . . Drone Recoveries . | . . . . Exploration | -11 -10 -9 -8 ------------- Run | Yrd Mat Mat Mat Turns Passed 1283 | 60 180 363 680 Spaces Moved 808 | 44 147 226 391 Core 18 | 7 . . 11 Treads . | . . . . Legs . | . . . . Wheels 578 | 37 147 226 168 Hover 212 | . . . 212 Flight . | . . . . Fastest Speed 50 | 50 90 90 50 Average Speed 105 | 85 90 91 120 Slowest Speed 500 | 150 90 115 500 Overloaded Moves . | . . . . Propulsion Burnouts . | . . . . Robots Hopped . | . . . . Cave-ins Triggered . | . . . . Exploration Rate (%) 25 | 3 33 23 41 Regions Visited 3 Branch Regions . Pre-discovered Areas . | . . . . Known Exits Taken 2 | . 1 1 . Unknown Exits Taken 1 | 1 . . . Scrap Searched . | . . . . Spaces Dug . | . . . . Terrain Destroyed 161 | . 13 29 119 Melee . | . . . . Projectile 9 | . . . 9 AOE 152 | . 13 29 110 Terrain Rammed . | . . . . Walls Destroyed . | . . . . Machines Disabled . | . . . . Actions | -11 -10 -9 -8 --------- Run | Yrd Mat Mat Mat Total 1054 | 56 168 318 512 Wait 76 | 1 2 48 25 Move 805 | 43 146 225 391 Hop . | . . . . Pick Up 17 | 2 2 4 9 Fast Attach 17 | 7 . 2 8 Attach 18 | . . 4 14 Detach 4 | . . . 4 Swap 15 | . 5 5 5 Drop 6 | . . . 6 Fire 95 | 3 13 30 49 Melee . | . . . . Ram 1 | . . . 1 Kick . | . . . . Crush . | . . . . Escape Stasis . | . . . . Rewire . | . . . . Trap . | . . . . Miscellaneous . | . . . . Route ------- -11/Scrapyard -10/Materials (discovered 3 exits: *Mat x3) -9/Materials -8/Materials (discovered 1 exit: [*Fac]) History --------- Turn | Location | Event 17 | -11/Scrapyard | Discovered new exit (range 15) 61 | -11/Scrapyard | Entered Materials 92 | -10/Materials | Identified exit to Materials 241 | -10/Materials | Entered another Materials area 241 | -9/Materials | Evolved 2 slots: Utility x2 276 | -9/Materials | Repaired Ion Engine 316 | -9/Materials | Build established: Mutant 534 | -9/Materials | Discovered new exit (range 14) 603 | -9/Materials | Identified exit to Materials 604 | -9/Materials | Entered another Materials area 604 | -8/Materials | Evolved 2 slots: Propulsion x1, Weapon x1 976 | -8/Materials | Lost 3 parts (1n1u1w) 1107 | -8/Materials | Discovered new exit (range 16) 1122 | -8/Materials | Core integrity fell below 50% 1156 | -8/Materials | Core integrity fell below 20% 1186 | -8/Materials | Lost 10 parts (1p1n3u5w) 1245 | -8/Materials | Lost 4 parts (1p1n2u) 1284 | -8/Materials | Destroyed by G-47 Trooper with Particle Gun Last Messages --------------- 01188_ Imp. Airjet destroyed. 01202_ K-01 Serf collects debris. 01202_ Lrg. Storage Unit destroyed. 01208_ Lgt. Ion Engine destroyed. 01208_ Critical hit (Burn: +37). 01214_ Hvy. Armor Plating destroyed. 01216_ W-25 Informer sends out distress signal. 01219_ Acquired Prototype Energy Gun. 01219_ Identified Hvy. Particle Gun. 01222_ Y-45 Defender destroyed. 01232_ Acquired 59 matter. 01233_ W-25 Informer sends out distress signal. 01236_ Particle Gun melted. 01236_ G-47 Trooper destroyed. 01237_ Acquired 46 matter. 01239_ Acquired Heat Sink. 01241_ Acquired Beam Rifle. 01256_ Acquired Weight Redist. System. 01261_ Acquired Ion Cannon. 01280_ G-47 Trooper destroyed. Map ----- +----------------------------------------------------+ | ?????????????????????????## ## S" / ## | | ??????????????????????????# ## ### # | | ??????????????????????????# ############?# ## | | ??????????????????????????# #????????????# | | ??????????????????????????# #????????????# ##### | | ??????????????????????????# #???????????##+##### | | ??????????????????????????# #??????#????# | | ??????????????????????????# #??### ###??# ! | | ??????????????????????????# #? ???#! | | ??????????????????????????# #? """ ???# | | ??????????????????????????# # """ ???# | | ??????????????????????????# # """ #??# """ "" | | ??????????????????????????# + #??# """ "" | | ??????????????????????????# #"S ][! #??# """ "" | | ??????????????????????????# #""" ][! #??######## | | ?????????????????????????## # "" [[ #?????????? | | ?????????????????????????# + #?????????? | | ?????????????????????????# ##+########???????????? | | ?????????????????????????# # #?????????????? | | ?????????????????????????# # #?????????????? | | ?????????????????????????# # #?????????????? | | ?????????????????????????# # #?????????????? | | ?????????????????????????# / #?????????????? | | ?????????????????????#####g##+######?????????????? | | ?????????????????????# a!%* #?????????????????? | | ?????????????????????# @ = #?????????????????? | | ?????????????????????# #?????????????????? | | ?????????????????????# #?????????????????? | | ?????????????????????###########?????????????????? | | | | | | | | | | | | | | | | | | | | | | | | | | | | | | | | | | | | | | | | | | | +----------------------------------------------------+ Best States ------------- Heat Dissipation 41 Energy Generation 10 Energy Capacity 250 Matter Stores 300 Matter Capacity 300 Sight Range 16 Robot Scan Range 14 Terrain Scan Density 10 Additional Mass Support 6 Armor Coverage 600 Weapon Shielding 66 Evasion (%) 55 Item Schematics ----------------- None Robot Schematics ------------------ None Fabricated ------------ Nothing Alien Tech Used ----------------- None Achievements -------------- None Challenges ------------ None Game ------ Seed DisruptionHugePurifier Manual? 0 Play Time 00:29:10 Cumulative 15.9 hours Start 2024.06.25 @ 23:10:18 End 2024.06.25 @ 23:36:37 Sessions 1 Manual Loads 0 Difficulty Rogue Special Mode None Game No. 25 Rogue 24 Adventurer 1 Explorer 0 Win Type - Total 0 Types 0/0/0/0/0/0/0/0/0 Lore% 8 Gallery% 20 Achievement% 14 Wizard Run 0 Options --------- Layout 1 ASCII 0 Keyboard 1 Movement Numpad Keybinds 0 Fullscreen 1 Font 24/Smallcaps Map View 50x40 Zoom Use 0% Tactical HUD 1 Map Filters NONE Filters NONE Steam 1 RUN: d4202531-c438-48e3-b4b7-18c7e2cdda02